[Event "EYTCC Open U12 2018"]
[Site "Bad Blankeburg"]
[Date "2018.07.15"]
[Round "5"]
[White "Levin, Guy"]
[Black "Pasti, Aron"]
[Result "1-0"]
[ECO "A28"]
[WhiteElo "2008"]
[BlackElo "2069"]
[Annotator "NA"]
[PlyCount "81"]
[EventDate "2018.07.12"]
[EventType "swiss"]
[EventCountry "GER"]
[SourceTitle "playchess.com"]
[Source "ChessBase"]
[SourceQuality "1"]
[TimeControl "40/5400+30:1800+30"]

1. c4 e5 2. Nc3 Nf6 3. Nf3 Nc6 4. a3 d5 5. cxd5 Nxd5 6. Qc2 Be7 7. e3 O-O 8. Nxd5 {[%emt 0:00:13] A28: Englische Eröffnung (Vierspringer-Variante)} (8. b4 Nxc3 9. dxc3 Qd6 10. Bd3 f5 11. e4 f4 12. h3 a5 13. Bb2 Bf6 14. Rd1 Qe7 15. O-O Be6 {0-1 (38) Carlsen,M (2837)-Bu,X (2730) Riadh 2017}) 8... Qxd5 9. Bd3 h6 10. Be4 $146 ({Vorgänger:} 10. b4 Be6 11. Bh7+ Kh8 12. Be4 Qb5 13. Bb2 Bf6 14. Rc1 Bd5 15. a4 Bxe4 16. axb5 Bxc2 17. bxc6 {1-0 (41) Zaragatski,I (2505)-Berkovich,M (2375) Vlissingen 2013}) 10... Qd6 11. b4 f5 12. Bxc6 bxc6 13. Bb2 Bf6 14. d4 exd4 15. Bxd4 Bxd4 16. Nxd4 Rf6 17. O-O Bd7 18. Rfd1 Qe7 19. Rab1 Raf8 20. Qc5 $16 Rd6 21. Nf3 Be6 22. Rxd6 cxd6 23. Qxc6 Rc8 24. Qa6 Rc3 25. Nd4 Bd5 26. Re1 f4 27. Ne2 Bb7 28. Qxa7 Rc4 29. Qb6 fxe3 30. Ng3 exf2+ 31. Qxf2 Qd7 32. Qe2 Rc3 33. Qe8+ Qxe8 34. Rxe8+ Kf7 35. Rb8 Bd5 36. a4 Rc1+ 37. Kf2 Rc2+ 38. Ke3 Ke6 39. Ne2 Ra2 40. Nf4+ Kd7 41. Nxd5 1-0

[Event "EYTCC Open U12 2018"]
[Site "Bad Blankeburg"]
[Date "2018.07.15"]
[Round "5"]
[White "Navumenka, Mikhei"]
[Black "Schubert, Nikita"]
[Result "1-0"]
[ECO "A46"]
[WhiteElo "1965"]
[BlackElo "1984"]
[Annotator "NA"]
[PlyCount "99"]
[EventDate "2018.07.12"]
[EventType "swiss"]
[EventCountry "GER"]
[SourceTitle "playchess.com"]
[Source "ChessBase"]
[SourceQuality "1"]
[TimeControl "40/5400+30:1800+30"]

1. d4 Nf6 2. Nf3 e6 3. g3 d5 4. Bg2 Be7 5. O-O O-O 6. c4 dxc4 7. Ne5 c5 8. dxc5 Qc7 9. Nxc4 Qxc5 10. b3 Rd8 11. Qe1 Nc6 12. Ba3 Nb4 13. Nc3 Rb8 14. Na4 Qb5 15. Rc1 Bd7 16. Nc3 Qc5 17. e4 b5 18. Nb2 Qb6 19. e5 Ne8 20. Qe2 Bc6 21. Bxb4 Bxb4 22. Nca4 bxa4 23. Rxc6 Qb5 24. Qxb5 Rxb5 25. Nxa4 Rxe5 26. Ra6 Ra5 27. Rc6 g6 28. Rfc1 Kg7 29. h4 Rd2 30. R6c4 Ba3 31. R1c2 Rd1+ 32. Kh2 Nd6 33. Rc7 Nb5 34. Rb7 Rd6 35. Rc4 Rd2 36. Rf4 Nd6 37. Rd7 Rxa2 38. Nc3 Rc2 39. Ne4 Nf5 40. g4 Nh6 41. b4 Ra4 42. Ng5 Bxb4 43. Nxe6+ Kh8 44. Rd8+ Ng8 45. Rxf7 Rd2 46. Ra8 Bd6+ 47. Kh3 Ra3+ 48. f3 h5 49. gxh5 gxh5 50. Ng5 1-0

[Event "EYTCC Open U12 2018"]
[Site "Bad Blankeburg"]
[Date "2018.07.15"]
[Round "5"]
[White "Eilenberg, Jonas"]
[Black "Strybuk, Artsiom I"]
[Result "1/2-1/2"]
[ECO "A57"]
[WhiteElo "1910"]
[BlackElo "2079"]
[Annotator "NA"]
[PlyCount "111"]
[EventDate "2018.07.12"]
[EventType "swiss"]
[EventCountry "GER"]
[SourceTitle "playchess.com"]
[Source "ChessBase"]
[SourceQuality "1"]
[TimeControl "40/5400+30:1800+30"]

1. d4 Nf6 2. c4 c5 3. d5 b5 4. Nd2 bxc4 5. e4 d6 6. Bxc4 g6 7. b3 Bg7 8. Bb2 O-O 9. Ngf3 a5 {[%emt 0:04:33] A57: Wolga/Benkö-Gambit} (9... Nbd7 10. O-O Nb6 11. Qc2 a5 12. a4 Nh5 13. Bxg7 Nxg7 14. Rfe1 e5 15. dxe6 Bxe6 16. Rad1 Qc7 17. Qc3 Rfd8 18. Bb5 d5 19. Rc1 {½-½ (32) Velten,P (2455)-Le Roux,J (2554) Bayonne 2018}) 10. O-O Ba6 11. Re1 a4 12. h3 $146 ({Vorgänger:} 12. Rb1 axb3 13. axb3 Nbd7 14. Bc3 Qc7 15. e5 dxe5 16. Nxe5 Nb6 17. Qf3 {½-½ (17) Verzhansky,A (2357)-Malchikov,A (2181) Novosibirsk 2007}) 12... Nbd7 13. Bxa6 Rxa6 14. Nc4 Nb6 15. Qe2 Nxc4 16. Qxc4 Rb6 17. Bc3 Qa8 18. bxa4 Qa6 19. Nd2 Nd7 20. Bxg7 Kxg7 21. Rab1 Ra8 22. Qc3+ f6 23. Nc4 Rxb1 24. Rxb1 Ne5 25. Nxe5 fxe5 26. f4 Qxa4 27. fxe5 Qd4+ 28. Qxd4 cxd4 29. exd6 exd6 30. Rb4 d3 31. Rd4 Ra3 32. Kf2 Rxa2+ 33. Kf3 d2 34. Ke2 d1=Q+ 35. Kxd1 Rxg2 36. e5 Kf7 37. exd6 $11 Ke8 38. Re4+ Kd8 39. Ra4 h5 40. Ra3 Kd7 41. Ke1 g5 42. Kf1 Rd2 43. Ra7+ Kxd6 44. Ra6+ Ke5 45. Re6+ Kf4 46. Rf6+ Kg3 47. Rf5 Kh4 48. Ke1 Rd3 49. Ke2 Rxh3 50. d6 Ra3 51. d7 Ra2+ 52. Ke3 Ra8 53. Rd5 Rd8 54. Kf3 Rf8+ 55. Kg2 Rd8 56. Kf3 1/2-1/2

[Event "EYTCC Open U12 2018"]
[Site "Bad Blankeburg"]
[Date "2018.07.15"]
[Round "5"]
[White "Bui, Bao Anh Le"]
[Black "Lazavik, Denis"]
[Result "0-1"]
[ECO "C54"]
[WhiteElo "1883"]
[BlackElo "2111"]
[Annotator "NA"]
[PlyCount "122"]
[EventDate "2018.07.12"]
[EventType "swiss"]
[EventCountry "GER"]
[SourceTitle "playchess.com"]
[Source "ChessBase"]
[SourceQuality "1"]
[BlackTeam "Belarus"]
[BlackTeamCountry "BLR"]
[TimeControl "40/5400+30:1800+30"]

1. e4 e5 2. Nf3 Nc6 3. Bc4 Bc5 4. c3 Nf6 5. d3 d6 6. Bb3 a6 7. h3 h6 8. Nbd2 O-O 9. Nf1 Be6 10. Ng3 d5 11. Qe2 Re8 12. O-O Qd7 13. Re1 Rad8 14. Nh4 dxe4 $11 15. dxe4 Qd3 16. Qxd3 Rxd3 17. Nhf5 Bxb3 18. axb3 a5 19. Be3 Bxe3 20. Nxe3 Red8 21. f3 g6 22. Rad1 Rxd1 23. Rxd1 Rxd1+ 24. Nxd1 Kf8 25. Kf2 Ke7 26. Ne3 Nd7 27. Nd5+ Kd6 28. Ne2 Nd8 29. Nc1 Ne6 30. Nd3 Ndc5 31. Nc1 Nd7 32. g3 c6 33. Ne3 b5 34. h4 h5 35. Ke2 Ndc5 36. Kd2 Ng7 37. Kc2 Ke6 38. Nd3 Nd7 39. b4 a4 40. Nc5+ Nxc5 41. bxc5 f5 42. exf5+ gxf5 43. Kd3 f4 44. gxf4 exf4 45. Nc2 Kd5 46. Nb4+ Kxc5 47. Ke4 Ne6 48. Kf5 Nd8 49. Kg5 Kc4 50. Kxh5 c5 51. Nc2 Kb3 52. Na3 b4 53. Kg6 bxa3 54. bxa3 Kxa3 55. h5 Kb3 56. h6 Ne6 57. Kf6 Nf8 58. Kg7 a3 59. Kxf8 a2 60. h7 a1=Q 61. h8=Q Qa8+ 0-1

[Event "EYTCC Open U12 2018"]
[Site "Bad Blankeburg"]
[Date "2018.07.16"]
[Round "6"]
[White "Strybuk, Artsiom I"]
[Black "Nitsche, Nikolai"]
[Result "1-0"]
[ECO "C03"]
[WhiteElo "2079"]
[BlackElo "1726"]
[Annotator "NA RC"]
[PlyCount "49"]
[EventDate "2018.07.12"]
[EventType "swiss"]
[EventCountry "GER"]
[SourceTitle "playchess.com"]
[Source "ChessBase"]
[SourceQuality "1"]
[TimeControl "40/5400+30:1800+30"]

1. e4 e6 2. d4 d5 3. Nd2 Be7 4. e5 c5 5. c3 Nc6 6. Ndf3 Qb6 {[%emt 0:14:38] C03: French Tarrasch: Unusual Black 3rd moves} 7. Bd3 f6 8. Ne2 {[%emt 0:11:29] LiveBook: 6 Games} c4 $146 ({Predecessor:} 8... fxe5 9. Nxe5 Nxe5 10. dxe5 Bd7 11. O-O Qc7 12. c4 Qxe5 13. Bf4 Qh5 {1-0 (59) Kovalev,V (2598)-Sjugirov,S (2673) Moscow 2017}) 9. exf6 Nxf6 10. Bc2 Bd7 11. O-O O-O 12. Bg5 Qxb2 13. Rb1 Qxa2 14. Ne5 Rad8 15. Rxb7 Qa6 16. Nxc6 Qxb7 17. Nxe7+ Kf7 18. Nf4 Kxe7 19. Bxh7 Be8 20. Nxe6 Kxe6 21. Re1+ Kf7 {[%emt 0:01:43] [#]} 22. Bxf6 ({Stronger than} 22. Qc2 Nxh7 23. Qxh7 Rd6 $15) 22... gxf6 23. Qg4 Rh8 24. Qg6+ Kf8 25. Qxf6+ 1-0

[Event "EYTCC Open U12 2018"]
[Site "Bad Blankeburg"]
[Date "2018.07.16"]
[Round "6"]
[White "Hommer, Jeremy"]
[Black "Kures, Michael"]
[Result "0-1"]
[ECO "B52"]
[WhiteElo "1926"]
[BlackElo "1982"]
[Annotator "NA RC"]
[PlyCount "84"]
[EventDate "2018.07.12"]
[EventType "swiss"]
[EventCountry "GER"]
[SourceTitle "playchess.com"]
[Source "ChessBase"]
[SourceQuality "1"]
[TimeControl "40/5400+30:1800+30"]

1. e4 c5 2. Nf3 d6 3. Bb5+ Bd7 4. Bxd7+ Nxd7 5. O-O Ngf6 6. Re1 e6 7. d4 cxd4 8. Nxd4 a6 {[%emt 0:00:39] LiveBook: 10 Partien B52: Sizilianisch (Rossolimo-Variante)} (8... Be7 9. c4 O-O 10. b3 Re8 11. Bb2 Nc5 12. Nc3 d5 13. exd5 exd5 14. Nf5 Bf8 15. Rxe8 Qxe8 16. Nxd5 Nxd5 {1-0 (38) Adams,M (2709)-Grandelius,N (2647) Caleta 2018}) 9. Nc3 Be7 10. Be3 O-O 11. f3 Ne5 $146 ({Vorgänger:} 11... Qc7 12. Nce2 Rac8 13. Rc1 b5 {0-1 (44) Djordjevic,B-Petkovic,M (1953) Nis 2014}) 12. b3 (12. Bf2 $15) 12... Rc8 13. Nce2 d5 14. exd5 Nxd5 15. Bf2 Bb4 16. c3 Bxc3 17. Nxc3 Nxc3 18. Qd2 Nd7 19. Re3 Nd5 20. Re4 N7f6 21. Rh4 {[%emt 0:01:08] [#]} Rc3 (21... Ne7 $1 $19 22. Qb2 Ng6) 22. Ne2 Rc7 23. Bg3 Rd7 24. Qg5 (24. Rd4 $17) 24... Ne7 25. Be5 $2 (25. Rc4 $17) 25... Ng6 26. Bxf6 gxf6 27. Qg3 Qb6+ 28. Kf1 Rfd8 29. Re1 Rd1 30. Rc4 Qa5 31. Nc3 Rxe1+ 32. Kxe1 (32. Qxe1 $142 Kg7 33. h3) 32... Qa3 33. Ne4 Qxa2 34. Qc7 Qa1+ 35. Rc1 Qd4 36. Ke2 f5 37. Ng5 Qd2+ 38. Kf1 Qxg5 39. Rc2 Qe7 40. Qa5 Qd6 41. Rc7 f4 $19 42. Rc1 Qd3+ 0-1

[Event "EYTCC Open U12 2018"]
[Site "Bad Blankeburg"]
[Date "2018.07.16"]
[Round "6"]
[White "Deuer, Marius"]
[Black "Spizharny, Mikhail"]
[Result "0-1"]
[ECO "B40"]
[WhiteElo "1834"]
[BlackElo "2015"]
[Annotator "NA RC"]
[PlyCount "62"]
[EventDate "2018.07.12"]
[EventType "swiss"]
[EventCountry "GER"]
[SourceTitle "playchess.com"]
[Source "ChessBase"]
[SourceQuality "1"]
[TimeControl "40/5400+30:1800+30"]

1. e4 c5 2. Nf3 e6 3. c3 Nf6 4. e5 Nd5 5. d4 cxd4 6. cxd4 d6 7. Bc4 Nc6 8. O-O Be7 9. Bd2 {[%emt 0:00:18] B22: Sicilian: 2 c3} (9. Qe2 O-O 10. a3 Bd7 11. exd6 Bxd6 12. Nc3 Nce7 13. Ne4 Bc6 14. Ne5 Rc8 15. Rd1 Bb8 16. Ng5 Be8 17. Bd3 Nf6 18. Ngf3 Ned5 19. Bd2 a6 20. Rac1 Rxc1 21. Rxc1 Qb6 22. Nc4 Qd8 23. Nce5 Qb6 24. Nc4 Qd8 {½-½ (24) Vachier Lagrave,M (2789)-Caruana,F (2816) Leuven 2018}) 9... O-O 10. Nc3 Nb6 11. Bb3 {[%emt 0:05:25] LiveBook: 40 Games} d5 12. Ne2 Bd7 $146 ({Predecessor:} 12... a5 13. Bc2 Nc4 14. Bc1 Nb4 15. Bb1 a4 16. a3 Nc6 {½-½ (60) Thelen,A (2201)-Bergmann,M (2183) GER email 2013}) 13. Ne1 ({White should play} 13. Nf4 $14) 13... Rc8 14. Rc1 f6 15. exf6 Bxf6 16. Bc3 Be8 17. Nd3 Nc4 18. Bxc4 dxc4 19. Ne5 (19. Nc5 $1 $11 Qe7 20. Nf4) 19... b5 20. f4 (20. a3 $15) 20... Bh5 21. g4 Be8 22. b4 Qd5 23. f5 Bg5 24. Nf4 Qe4 25. Nxe6 $2 (25. Qe1 exf5 26. Qxe4 fxe4 27. Ne6 Rxf1+ 28. Rxf1) 25... Be3+ 26. Rf2 Nxe5 27. dxe5 Bc6 28. Kf1 Bxc1 29. Nxf8 Rxf8 30. Qc2 Qh1+ 31. Ke2 Be4 0-1

[Event "EYTCC Open U12 2018"]
[Site "Bad Blankeburg"]
[Date "2018.07.16"]
[Round "6"]
[White "Babula, Vlastimil"]
[Black "Metzdorf, Matteo"]
[Result "1-0"]
[ECO "C01"]
[WhiteElo "1800"]
[BlackElo "1878"]
[Annotator "NA RC"]
[PlyCount "87"]
[EventDate "2018.07.12"]
[EventType "swiss"]
[EventCountry "GER"]
[SourceTitle "playchess.com"]
[Source "ChessBase"]
[SourceQuality "1"]
[TimeControl "40/5400+30:1800+30"]

1. e4 e6 2. d4 d5 3. exd5 exd5 4. c4 Nf6 5. Nc3 Be7 6. Nf3 O-O 7. Bd3 c6 8. O-O Bg4 {[%emt 0:02:11] LiveBook: 10 Partien} 9. c5 {[%emt 0:01:58] C01: French: Exchange Variation} (9. h3 Bh5 10. Bf4 dxc4 11. Bxc4 Nbd7 12. Rc1 Nb6 13. Bd3 Nbd5 14. Nxd5 Nxd5 15. Bg3 Bg6 16. Bxg6 hxg6 17. Re1 Bf6 18. Ne5 Re8 19. a3 {½-½ (19) Kagramanianz,V (2292)-Boricsev,O (2343) Mukachevo 2017}) 9... b6 10. b4 a5 11. Na4 {[%emt 0:01:23] [#]} Nbd7 $1 12. Rb1 $146 (12. Nxb6 $15 Nxb6 13. cxb6 Bxf3 14. Qxf3 Qxb6 15. Bg5) ({Predecessor:} 12. Bd2 axb4 13. Bxb4 bxc5 14. Nxc5 Nxc5 15. dxc5 {½-½ (53) Baranyai,S-Lovasi,K Hungary 1993}) 12... axb4 13. cxb6 Nxb6 14. Nxb6 Qxb6 15. Be3 Rxa2 16. h3 Bh5 17. g4 Bg6 $19 18. Ne5 Rc8 19. g5 Ne8 20. Bxg6 hxg6 21. h4 Nd6 22. h5 gxh5 23. Qxh5 g6 24. Nxg6 fxg6 25. Qxg6+ Kf8 26. Qe6 Qd8 27. f4 Ra3 28. Rf3 Nf7 29. g6 Nh8 30. Rh3 Bh4 31. f5 Kg7 32. Rxb4 Ra1+ 33. Kg2 Ra2+ 34. Kf3 Rc7 35. Qe5+ Bf6 36. Rh7+ Kg8 37. Qxc7 Qxc7 38. Rxc7 Ra8 39. Bh6 Re8 40. Ra4 Rd8 41. Raa7 Re8 42. Bg7 Bg5 43. Be5 Rd8 44. Rh7 1-0

[Event "EYTCC Open U12 2018"]
[Site "Bad Blankeburg"]
[Date "2018.07.16"]
[Round "6"]
[White "Costa, Leonardo"]
[Black "Hlavina, Matous"]
[Result "0-1"]
[ECO "C06"]
[WhiteElo "1746"]
[BlackElo "1776"]
[Annotator "NA RC"]
[PlyCount "148"]
[EventDate "2018.07.12"]
[EventType "swiss"]
[EventCountry "GER"]
[SourceTitle "playchess.com"]
[Source "ChessBase"]
[SourceQuality "1"]
[TimeControl "40/5400+30:1800+30"]

1. e4 e6 2. d4 d5 3. Nd2 Nf6 4. e5 Nfd7 5. Bd3 c5 6. c3 Nc6 7. Ne2 cxd4 8. cxd4 f6 9. exf6 Nxf6 10. O-O Bd6 11. Nf3 Qc7 12. h3 O-O 13. Be3 Bd7 14. Rc1 Rae8 15. Nc3 a6 16. Re1 Kh8 17. Bb1 Qb8 18. Qd3 g6 19. Bh6 Rf7 20. Ng5 Rfe7 21. Qf3 Ng8 22. Nf7+ Rxf7 23. Qxf7 Nxh6 24. Qf6+ Kg8 25. Rcd1 Rf8 26. Qh4 Nf5 27. Qg4 Kg7 28. Rd2 h5 29. Qd1 Qa7 30. Bxf5 Rxf5 31. a3 Na5 32. Rde2 Nc6 33. Rd2 Bf4 34. Rd3 Bg5 35. Re2 Rf4 36. Red2 Rh4 37. g3 Bxd2 38. gxh4 Bh6 39. Rg3 Kh7 40. Qf3 Qxd4 41. Ne2 Qg7 42. Qb3 b5 43. Kh1 Na5 44. Qb4 Nc4 45. b3 Qa1+ 46. Kh2 Qxa3 47. Qc3 Bg7 48. Qc2 Ne5 49. f4 Be8 50. fxe5 Bxe5 51. Kg2 Bxg3 52. Nxg3 Qe7 53. Nxh5 Kh6 54. Ng3 Qxh4 55. Qc8 Qe7 56. Qxa6 Bd7 57. Qa8 Qg7 58. Qa2 Qd4 59. Qe2 e5 60. Qf3 Kg7 61. Kh2 Qd2+ 62. Kg1 e4 63. Qg2 Qxg2+ 64. Kxg2 Kf6 65. h4 Bg4 66. Nf1 Ke5 67. Ne3 Bf3+ 68. Kf2 d4 69. Nc2 Bd1 70. Na3 Bxb3 71. Nxb5 e3+ 72. Ke1 d3 73. Nc3 d2+ 74. Ke2 Kd4 0-1

[Event "EYTCC Open U12 2018"]
[Site "Bad Blankeburg"]
[Date "2018.07.16"]
[Round "6"]
[White "Ermitsch, Magnus"]
[Black "Navumenka, Mikhei"]
[Result "1-0"]
[ECO "C13"]
[WhiteElo "1594"]
[BlackElo "1965"]
[Annotator "NA RC"]
[PlyCount "101"]
[EventDate "2018.07.12"]
[EventType "swiss"]
[EventCountry "GER"]
[SourceTitle "playchess.com"]
[Source "ChessBase"]
[SourceQuality "1"]
[TimeControl "40/5400+30:1800+30"]

1. e4 e6 2. d4 d5 3. Nc3 Nf6 4. Bg5 Be7 5. e5 Nfd7 6. h4 Bxg5 7. hxg5 Qxg5 8. Qd3 {[%emt 0:01:37] C14: Französische Verteidigung (Klassische Hauptvariante)} Nf8 9. Nh3 Qe7 10. Nf4 {[%emt 0:13:59] LiveBook: 5 Games} a6 $146 ({Vorgänger:} 10... Nc6 11. O-O-O Bd7 12. Qg3 Rg8 13. Ncxd5 exd5 14. Nxd5 Qd8 15. Nf6+ gxf6 16. Qxg8 fxe5 17. dxe5 {½-½ (42) Lagno,K (2499)-Kortschnoj,V (2567) Marianske Lazne 2009}) 11. Be2 c5 12. O-O-O c4 13. Qg3 Ng6 14. Nxg6 fxg6 15. Rxh7 Rxh7 16. Qxg6+ Kd8 17. Qxh7 Nc6 18. f4 b5 19. Bf3 b4 20. Qg8+ Qe8 21. Qxe8+ Kxe8 22. Na4 Ke7 23. Nb6 Rb8 24. Nxc4 Bd7 25. Ne3 g6 26. c3 Rc8 27. Kd2 Kf7 (27... Rf8 $142 28. g3 bxc3+ 29. bxc3 Rb8) 28. Ng4 bxc3+ 29. bxc3 Na5 30. Rb1 Nc4+ 31. Kc1 Bc6 32. Be2 Rh8 33. Bxc4 $1 dxc4 34. Rb6 Bxg2 35. Rxa6 Rh4 36. Ne3 Be4 37. d5 Bxd5 38. Nxd5 exd5 39. Rf6+ Kg7 40. a4 Rh1+ 41. Kb2 Rh2+ 42. Ka3 Rc2 43. Kb4 Ra2 44. a5 Ra1 $18 45. a6 Ra2 46. Kc5 Ra3 47. Kd4 Ra5 48. Rd6 Kf7 49. Rxd5 Rxa6 50. Rd7+ Kf8 51. Rd6 1-0

[Event "EYTCC Open U12 2018"]
[Site "Bad Blankeburg"]
[Date "2018.07.16"]
[Round "7"]
[White "Droin, Augustin"]
[Black "Laux, Dominik"]
[Result "1/2-1/2"]
[ECO "B18"]
[WhiteElo "2095"]
[BlackElo "1943"]
[Annotator "NA"]
[PlyCount "82"]
[EventDate "2018.07.12"]
[EventType "swiss"]
[EventCountry "GER"]
[SourceTitle "playchess.com"]
[Source "ChessBase"]
[SourceQuality "1"]
[TimeControl "40/5400+30:1800+30"]

1. e4 c6 2. d4 d5 3. Nc3 dxe4 4. Nxe4 Bf5 5. Ng3 Bg6 6. Nh3 e6 {[%emt 0:02:32] B18: Caro-Kann (Hauptvariante)} 7. Bc4 (7. Nf4 Bd6 8. c3 Nf6 9. h4 Bxf4 10. Bxf4 h6 11. a4 O-O 12. a5 Nd5 13. Bd2 Nd7 14. c4 N5f6 15. h5 Bh7 16. Bc3 c5 {1-0 (68) Ivanchuk,V (2726)-Artemiev,V (2691) Huaian 2017}) 7... Nf6 8. O-O Bd6 9. f4 {[%emt 0:00:46] LiveBook: 20 Partien} O-O 10. c3 ({White should try} 10. f5 $11 exf5 11. Nxf5) 10... Nbd7 $146 ({Vorgänger:} 10... Qc7 11. Qf3 Nbd7 12. Ng5 Rae8 13. b4 b6 14. Be3 {½-½ (48) Bokros,A (2458)-Bodiroga,P (2390) Hungary 2014}) 11. f5 Bxf5 12. Nxf5 exf5 13. Rxf5 Qc7 14. Bf4 Bxf4 15. Rxf4 $11 h6 16. Bb3 Rfe8 17. Qf3 Re7 18. Nf2 Rae8 19. Ng4 Nxg4 20. Qxg4 Re1+ 21. Rxe1 Rxe1+ 22. Kf2 Re7 23. h4 Qd6 24. Re4 Nf6 25. Qc8+ Kh7 26. Rxe7 Qxe7 27. Qf5+ g6 28. Qf4 Nd5 29. Bxd5 cxd5 30. Kf3 a6 31. Qe5 Qd7 32. Qf6 h5 33. Qf4 Kg7 34. Kf2 Kg8 35. b3 Qc6 36. Qf3 Qd7 37. Ke2 Qe6+ 38. Kd2 b5 39. Qf4 Qc6 40. Qe5 Kh7 41. Qf4 Qe6 1/2-1/2

[Event "EYTCC Open U12 2018"]
[Site "Bad Blankeburg"]
[Date "2018.07.16"]
[Round "7"]
[White "Fule, Simon"]
[Black "Deuer, Marius"]
[Result "1-0"]
[ECO "B38"]
[WhiteElo "2061"]
[BlackElo "1834"]
[Annotator "NA"]
[PlyCount "91"]
[EventDate "2018.07.12"]
[EventType "swiss"]
[EventCountry "GER"]
[SourceTitle "playchess.com"]
[Source "ChessBase"]
[SourceQuality "1"]
[TimeControl "40/5400+30:1800+30"]

1. e4 c5 2. Nf3 Nc6 3. d4 cxd4 4. Nxd4 g6 5. c4 Bg7 6. Be3 Nf6 7. Nc3 O-O 8. Be2 d6 9. O-O Bd7 10. Nc2 Be6 11. f3 Nd7 {[%emt 0:01:46] LiveBook: 10 Games} 12. Qd2 a5 13. Na4 Rc8 (13... Nc5 $1 $11 {bleibt in der Remisbreite.} 14. Nc3 f5) 14. Rac1 $11 Nce5 15. b3 Nc5 16. Nc3 b6 17. Nd4 Nc6 18. Ndb5 Be5 19. Rfd1 h5 20. Qc2 Nb4 21. Qb1 Nc6 22. f4 Bxc3 23. Rxc3 f6 24. Bf3 Qd7 25. h3 Kg7 26. Qc2 Rfe8 27. Qf2 Kh7 28. Qh4 Kg7 29. Bc1 Bf7 30. Rf1 Rh8 31. Rd1 Rhe8 32. Qg3 Kh7 33. h4 Qe6 34. Re1 Kh8 35. Qf2 Qd7 36. Qd2 Kg8 37. f5 gxf5 38. Qh6 Ne5 39. Bxh5 Bxh5 40. Qxh5 f4 41. Bxf4 Ned3 42. Re3 Nxf4 43. Rg3+ Kf8 44. Qh6+ Kf7 45. Rg7+ Ke6 46. Qxf4 1-0

[Event "EYTCC Open U12 2018"]
[Site "Bad Blankeburg"]
[Date "2018.07.16"]
[Round "7"]
[White "Tancsa, Tamas"]
[Black "Ermitsch, Magnus"]
[Result "1-0"]
[ECO "B44"]
[WhiteElo "2023"]
[BlackElo "1594"]
[Annotator "NA"]
[PlyCount "83"]
[EventDate "2018.07.12"]
[EventType "swiss"]
[EventCountry "GER"]
[SourceTitle "playchess.com"]
[Source "ChessBase"]
[SourceQuality "1"]
[TimeControl "40/5400+30:1800+30"]

1. e4 c5 2. d4 cxd4 3. Nf3 e6 4. Nxd4 Nc6 5. Nb5 d6 6. c4 Nf6 7. N1c3 a6 8. Na3 Be7 9. Be3 O-O {[%emt 0:04:40] LiveBook: 23 Partien} 10. Be2 Bd7 11. O-O Rc8 {[%emt 0:05:25] B44: Sicilian: Taimanov: 5 Nb5} (11... Qb8 12. f3 Na7 13. Kh1 b5 14. Bxa7 Rxa7 15. cxb5 d5 16. exd5 Nxd5 17. Nxd5 exd5 18. Qxd5 Bxa3 19. bxa3 Bxb5 20. Bxb5 Qxb5 {½-½ (53) Kononenko,D (2513)-Trajkovic,P (2390) Evpatoria 2007}) 12. f3 Qa5 13. Qd2 Rfd8 14. Rfd1 Ne5 $146 ({Predecessor:} 14... d5 15. exd5 Bxa3 16. bxa3 Ne5 17. Qb2 b5 18. dxe6 Bxe6 19. cxb5 axb5 20. Nxb5 {1-0 (33) Diaz Diaz,A (2134)-Alvarado Diaz,A Vecindario 2007}) 15. Nd5 Qxd2 16. Nxe7+ Kf8 17. Bxd2 Kxe7 18. Ba5 Rh8 19. Bb4 Ne8 20. f4 Nc6 21. Bc3 Nf6 22. Bf3 h5 23. Nc2 Na7 24. b3 Bc6 25. Re1 Rcd8 26. Rad1 Ne8 27. Bb4 Nc8 $18 (27... b6 28. Rd2 Kd7) 28. Rd2 Kf8 29. Red1 Kg8 30. e5 d5 31. cxd5 Bxd5 32. Bxd5 Rxd5 33. Rxd5 exd5 34. Rxd5 Kh7 35. Rd7 Nb6 36. Rxb7 Nd5 37. Rxf7 Kg6 38. e6 Ndf6 39. Nd4 Rg8 40. f5+ Kh6 41. Nc6 Rh8 42. h4 1-0

[Event "EYTCC Open U12 2018"]
[Site "Bad Blankeburg"]
[Date "2018.07.16"]
[Round "7"]
[White "Razafindratsima, Timothe"]
[Black "Schubert, Nikita"]
[Result "1-0"]
[ECO "C50"]
[WhiteElo "1975"]
[BlackElo "1984"]
[Annotator "NA"]
[PlyCount "87"]
[EventDate "2018.07.12"]
[EventType "swiss"]
[EventCountry "GER"]
[SourceTitle "playchess.com"]
[Source "ChessBase"]
[SourceQuality "1"]
[TimeControl "40/5400+30:1800+30"]

1. e4 e5 2. Nf3 Nc6 3. Bc4 Bc5 4. O-O Nf6 5. d3 O-O 6. a4 {[%emt 0:00:07] C50: Hungarian Defence and Giuoco Pianissimo} (6. c3 d5 7. exd5 Nxd5 8. Re1 Be6 9. Nbd2 Bd6 10. Ne4 h6 11. b4 a6 12. a4 Re8 13. Qb3 Nf6 14. Bxe6 Rxe6 15. Be3 Ne7 16. Rad1 {1-0 (25) Kramnik,V (2800)-Anand,V (2776) Moscow 2018}) 6... a6 7. Bg5 h6 8. Bh4 Be7 {[%emt 0:09:19] LiveBook: 7 Partien} 9. Bg3 d6 10. c3 Bg4 $146 ({Predecessor:} 10... g6 11. h3 Nh5 12. Bh2 Bg5 13. Na3 Bf4 {½-½ (64) Bok,B (2596)-Vidit,S (2673) Moscow 2017}) 11. h3 Be6 12. Nbd2 Qd7 13. b4 Nd8 14. Qe2 Bxc4 15. Nxc4 Ne6 16. Nfd2 Nh7 17. Ne3 Bg5 18. Nb3 Rfe8 19. Nd5 Nhf8 20. d4 exd4 21. cxd4 Ng6 22. f4 Bh4 23. Bxh4 Nxh4 24. Qg4 Qd8 25. g3 Nxd4 26. Nxd4 Rxe4 27. Nf3 Nxf3+ 28. Qxf3 f5 29. Rfe1 c6 30. Ne3 Qb6 31. Kf1 Rae8 32. Nxf5 Rxe1+ 33. Rxe1 Rxe1+ 34. Kxe1 Qxb4+ 35. Kf2 d5 36. Qe2 Qc5+ 37. Kf3 Qc3+ 38. Qe3 Qf6 39. Qe5 Qf7 40. Nd6 Qf8 41. Qe6+ Kh8 42. a5 Qb8 43. Qe8+ Qxe8 44. Nxe8 $18 1-0

[Event "EYTCC Open U12 2018"]
[Site "Bad Blankeburg"]
[Date "2018.07.16"]
[Round "7"]
[White "Hagner, Bennet"]
[Black "Pasztor, Balazs"]
[Result "0-1"]
[ECO "C54"]
[WhiteElo "1947"]
[BlackElo "2141"]
[Annotator "NA"]
[PlyCount "70"]
[EventDate "2018.07.12"]
[EventType "swiss"]
[EventCountry "GER"]
[SourceTitle "playchess.com"]
[Source "ChessBase"]
[SourceQuality "1"]
[TimeControl "40/5400+30:1800+30"]

1. e4 e5 2. Nf3 Nc6 3. d4 exd4 4. Bc4 Bc5 5. c3 Nf6 6. cxd4 Bb4+ 7. Bd2 Bxd2+ 8. Nbxd2 d5 9. exd5 Nxd5 10. Qb3 Nce7 11. O-O O-O 12. Ne4 {[%emt 0:04:27] LiveBook: 3 Partien C54: Giuoco Piano: 4 c3 Nf6, main lines with 5 d4 and 5 d3} (12. Rfe1 c6 13. Ne4 Nb6 14. Bd3 Ned5 15. Nc5 Nf6 16. Rac1 Rb8 17. Qa3 a6 18. Qb3 Qc7 19. Ne4 Nfd5 20. Nc3 Qd6 21. Be4 {½-½ (36) Jones,G (2640)-Karjakin,S (2753) Wijk aan Zee 2018}) 12... c6 13. Rad1 Qb6 14. Qc2 $146 Bg4 15. h3 Bxf3 16. Ng5 g6 17. Nxf3 Rad8 18. Rfe1 Nf5 19. Bd3 Nb4 20. Qc4 (20. Qb3 $11 {keeps the balance.}) 20... Nxd4 21. Ne5 Nxd3 22. Nxd3 Nf5 23. Qc3 Rfe8 24. Rxe8+ Rxe8 25. Ne5 Re6 26. Rd7 Nd6 27. Ng4 Nf5 28. Nf6+ Kf8 29. Nd5 Qd4 30. Qa3+ $19 (30. Qxd4 $1 $11 Re1+ 31. Kh2 Nxd4 32. Ne3) 30... Kg7 31. Rd8 cxd5 32. Qf8+ Kf6 33. g4 Re1+ 34. Kg2 Nh4+ 35. Kg3 Rg1+ 0-1